 Dungeon Sprint DCSS version 0.30-a0-743-gbfdf073431 (webtiles) character file.

Game seed: 9547078530216287655

97299 mhtbhm the Hoplite (level 15, -5/163 HPs)
             Began as a Troll Fighter on Feb 6, 2023.
             Was the Champion of Qazlal.
             Slain by Ignacio
             ... wielding a +8 executioner's axe of pain
              (6 damage)
             ... in the Dungeon (Sprint V: "Ziggurat Sprint").
             The game lasted 00:15:48 (2289 turns).

mhtbhm the Hoplite (Troll Fighter)                  Turns: 2289, Time: 00:15:49

Health: -5/163     AC: 39    Str: 40    XL:     15   Next: 71%
Magic:  24/38      EV:  2    Int:  4    God:    Qazlal [******]
Gold:   0          SH: 42    Dex:  9    Spells: 14/14 levels left

rFire   + + .      SeeInvis +    a - +13 lance "Wyrmbane" {slay drac, rPois rF+ rC+ AC+3}
rCold   + + +      Faith    .    c - +18 shield of the Gong {Loud rElec rN+ Will+ EV-5}
rNeg    + . .      Spirit   .    b - +5 gold dragon scales
rPois   +          Reflect  .    D - +2 hood of the Assassin {Detect Stab+ Stlth++}
rElec   +          Harm     .    (no cloak)
rCorr   .          Rampage  .    (gloves unavailable)
Will    ++...      NoTele   +    (boots unavailable) Stlth
                                 I - amulet of Vitality {RegenMP++ Regen++}
HPRegen 2.87/turn                w - ring of the Tortoise {AC+8}
MPRegen 1.06/turn                s - ring of Secrets {rElec rC+ MP+9 Str+6 SInv}

@: studying 4 skills, repel missiles
A: large, unfitting armour, claws 3, regeneration 1, shaggy fur 1, tough skin 1
a: Renounce Religion, Upheaval, Elemental Force, Disaster Area


You were in the Dungeon.
You worshipped Qazlal.
Qazlal was exalted by your worship.
You visited 1 branch

Inventory:

Hand Weapons
 a - the +13 lance "Wyrmbane" (weapon) {slay drac, rPois rF+ rC+ AC+3}
   (You found it in the Dungeon)

   AC:        It affects your AC (+3).
   rF:        It protects you from fire.
   rC:        It protects you from cold.
   rPois:     It protects you from poison.
Missiles
 C - 2 silver javelins (quivered)
Armour
 b - +5 gold dragon scales (worn)
 c - the +18 shield of the Gong (worn) {Loud rElec rN+ Will+ EV-5}
   (You found it in the Dungeon)

   Loud:      It is deafeningly noisy when blocking attacks.
   EV:        It affects your evasion (-5).
   rElec:     It insulates you from electricity.
   rN:        It protects you from negative energy.
   Will:      It increases your willpower.
 D - the +2 hood of the Assassin (worn) {Detect Stab+ Stlth++}
   (You found it in the Dungeon)

   Detect:    It allows the wearer to sense nearby creatures.
   Stab+:     It allows the wearer to make particularly effective stabbing
   attacks against helpless or unaware enemies with any weapon.
   Stlth:     It makes you much more stealthy.
Jewellery
 s - the ring of Secrets (right claw) {rElec rC+ MP+9 Str+6 SInv}
   (You found it in the Dungeon)

   [ring of magical power]

   Str:       It affects your strength (+6).
   rC:        It protects you from cold.
   rElec:     It insulates you from electricity.
   MP:        It affects your magic capacity (+9).
   SInv:      It lets you see invisible.
 t - the ring of Oblyicwa {rCorr Dex+4}
   (You found it in the Dungeon)

   [ring of resist corrosion]

   Dex:       It affects your dexterity (+4).
   rCorr:     It protects you from acid and corrosion.
 v - a ring of positive energy
 w - the ring of the Tortoise (left claw) {AC+8}
   (You found it in the Dungeon)

   [ring of protection]

   AC:        It affects your AC (+8).
 x - an amulet of faith
 y - a ring of see invisible
 I - the amulet of Vitality (around neck) {RegenMP++ Regen++}
   (You found it in the Dungeon)

   [amulet of magic regeneration]

   It increases your rate of magic regeneration.
   Regen:     It increases your rate of health regeneration.
Wands
 z - a wand of mindburst (7)
Scrolls
 i - 5 scrolls of brand weapon
 o - 4 scrolls of amnesia
 p - 6 scrolls of fog
 q - 5 scrolls of identify
 r - 2 scrolls of fear
Potions
 d - 6 potions of might
 e - 5 potions of curing
 f - a potion of heal wounds
 g - 13 potions of haste
 h - 6 potions of magic
 k - 2 potions of brilliance
 l - 2 potions of invisibility
 m - 4 potions of resistance
 n - a potion of experience
Miscellaneous
 B - a lightning rod (4/4)
 E - a condenser vane
 F - a box of beasts
 G - a tin of tremorstones (2/2)
 H - a phantom mirror


   Skills:
 + Level 14.2 Fighting
 + Level 14.2 Polearms
 + Level 12.9 Armour
 + Level 8.0 Dodging
 + Level 25.2 Shields
 * Level 23.3 Invocations
 + Level 7.0 Evocations


You had 14 spell levels left.
You didn't know any spells.
Your spell library contained the following spells:

 Spells                   Type           Power      Damage    Failure   Level
 Apportation              Tloc           0%         N/A       99%         1
 Foxfire                  Conj/Fire      0%         2x1d4     99%         1
 Kiss of Death            Conj/Necr      0%         2d5       99%         1
 Magic Dart               Conj           0%         1d3       99%         1
 Necrotise                Necr           0%         1d4       99%         1
 Sandblast                Erth           0%         2d4       99%         1
 Shock                    Conj/Air       0%         1d3       99%         1
 Summon Small Mammal      Summ           0%         N/A       99%         1
 Cigotuvi's Dreadful Rot  Necr/Pois/Air  0%         N/A       100%        2
 Ensorcelled Hibernation  Hex/Ice        0%         N/A       100%        2
 Passwall                 Tmut/Erth      0%         N/A       100%        2
 Poisonous Vapours        Pois/Air       0%         N/A       100%        2
 Searing Ray              Conj           0%         2d4       100%        2
 Dazzling Flash           Conj/Hex       0%         N/A       100%        3
 Hailstorm                Conj/Ice       0%         3d3       100%        3
 Ignite Poison            Fire/Tmut/Pois 0%         N/A       100%        3
 Mephitic Cloud           Conj/Pois/Air  0%         N/A       100%        3
 Ozocubu's Armour         Ice            0%         N/A       100%        3
 Spider Form              Tmut/Pois      0%         N/A       100%        3
 Stone Arrow              Conj/Erth      0%         3d7       100%        3
 Summon Guardian Golem    Hex/Summ       0%         N/A       100%        3
 Swiftness                Air            0%         N/A       100%        3
 Tukima's Dance           Hex            0%         N/A       100%        3
 Airstrike                Air            0%         2d(0-16)  100%        4
 Anguish                  Hex/Necr       0%         N/A       100%        4
 Animate Armour           Summ/Erth      0%         N/A       100%        4
 Animate Dead             Necr           0%         N/A       100%        4
 Flame Wave               Conj/Fire      0%         2d4       100%        4
 Fulminant Prism          Conj/Hex       0%         3d5       100%        4
 Ice Form                 Ice/Tmut       0%         N/A       100%        4
 Iskenderun's Mystic Bla  Conj/Tloc      0%         2d3       100%        4
 Passage of Golubria      Tloc           0%         N/A       100%        4
 Petrify                  Tmut/Erth      0%         N/A       100%        4
 Sticky Flame             Conj/Fire      0%         2d3       100%        4
 Alistair's Intoxication  Tmut/Pois      0%         N/A       100%        5
 Blade Hands              Tmut           0%         N/A       100%        5
 Borgnjor's Vile Clutch   Necr/Erth      0%         N/A       100%        5
 Fireball                 Conj/Fire      0%         3d3       100%        5
 Freezing Cloud           Conj/Ice/Air   0%         6-21      100%        5
 Irradiate                Conj/Tmut      0%         3d11      100%        5
 Lightning Bolt           Conj/Air       0%         1d11      100%        5
 Metabolic Englaciation   Hex/Ice        0%         N/A       100%        5
 Yara's Violent Unravell  Hex/Tmut       0%         3d3       100%        5
 Conjure Ball Lightning   Conj/Air       0%         3x3d6     100%        6
 Death Channel            Necr           0%         N/A       100%        6
 Eringya's Noxious Bog    Tmut/Pois      0%         N/A       100%        6
 Iron Shot                Conj/Erth      0%         9d1       100%        6
 Simulacrum               Ice/Necr       0%         N/A       100%        6
 Starburst                Conj/Fire      0%         6d3       100%        6
 Statue Form              Tmut/Erth      0%         N/A       100%        6
 Summon Cactus Giant      Summ           0%         N/A       100%        6
 Dragon Form              Tmut           0%         N/A       100%        7
 Enfeeble                 Hex            0%         N/A       100%        7
 Haunt                    Necr/Summ      0%         N/A       100%        7
 Spellforged Servitor     Conj/Summ      0%         N/A       100%        7
 Storm Form               Tmut/Air       0%         N/A       100%        7
 Borgnjor's Revivificati  Necr           0%         N/A       100%        8
 Discord                  Hex            0%         N/A       100%        8
 Disjunction              Tloc           0%         N/A       100%        8
 Ignition                 Fire           0%         3d3       100%        8
 Lehudib's Crystal Spear  Conj/Erth      0%         10d2      100%        8
 Polar Vortex             Ice            0%         N/A       100%        9


Dungeon Overview and Level Annotations

Branches:
Dungeon (1/1)

Altars:
Ashenzari
Cheibriados
Dithmenos
Elyvilon
Fedhas
Gozag
Hepliaklqana
Kikubaaqudgha
Makhleb
Nemelex Xobeh
Okawaru
Qazlal
Ru
Sif Muna
Trog
Uskayaw
Vehumet
Wu Jian
Xom
Yredelemnul
Zin
The Shining One
Jiyva
Lugonu

Annotations:
D Antaeus, Asmodeus, Cerebov, Ereshkigal, Ignacio, Kirke, Mnoleg, Murray, Nellie


Innate Abilities, Weirdness & Mutations

You are too large for most types of armour.
You have claws for hands.
Your natural rate of healing is unusually fast.
You are covered in fur. (AC +1)
You have tough skin. (AC +1)


Message History

You block Ignacio's attack.
PTOANNNG!
Ignacio closely misses your air elemental.
Unknown command.
As you read the scroll of fog, it crumbles to dust.
The scroll dissolves into smoke.
Ignacio hits you but does no damage.
You writhe in agony!
* * * LOW HITPOINT WARNING * * *
Ignacio hits your air elemental with a +8 executioner's axe of pain!
You block Ignacio's attack.
GONNNNG!
Ignacio closely misses your air elemental.
Ignacio hits you with a +8 executioner's axe of pain.
* * * LOW HITPOINT WARNING * * *
You writhe in agony.
* * * LOW HITPOINT WARNING * * *
Ignacio hits your air elemental with a +8 executioner's axe of pain!
Your air elemental is destroyed!
Your air elemental disappears in a puff of smoke!
Ignacio hits you with a +8 executioner's axe of pain!
* * * LOW HITPOINT WARNING * * *
You writhe in agony!
* * * LOW HITPOINT WARNING * * *
Your air elemental fires a burst of electricity at Ignacio.
The stunning burst hits your earth elemental.
Your earth elemental completely resists.
The stunning burst hits Ignacio.
Ignacio resists.
Your air elemental fires a burst of electricity at Ignacio.
The stunning burst hits Ignacio but does no damage.
Ignacio hits you but does no damage. You block Ignacio's attack.
GONNNNG!
You block Ignacio's attack.
PTOANNNG!
Ignacio hits you but does no damage.
You writhe in agony!
* * * LOW HITPOINT WARNING * * *
You block Ignacio's attack.
BONNNG!
Ignacio misses your air elemental.
Ignacio hits you with a +8 executioner's axe of pain.
You die...

........≈≈..≈.. ▓......[..
..§.☼○..&&..≈..≈▓.........
...2.E.&≈≈°.....▓.........
.≈.▓..E..☼.▓....▓...▓.....
..▓.▓E.EEE▓.▓.≈.▓.........
.≈.▓≈..E...▓≈...▓.........
≈.≈..≈..§EY°....▓.......©.
..≈...≈§§1§°≈...▓▓▓▓▓▓▓▓▓▓
.....≈.§§@§§.≈..▓
▓▓▓▓▓▓▓▓▓▓▓▓▓▓▓▓▓


{{{{{{ {{{{{{ {{{{{{{{{{{ {{{{{{{{{{{ You could see Ignacio (fast, ally target),
Nellie (very poisoned), a hellion (summoned), a friendly earth elemental
(summoned) and 4 friendly air elementals.

Vanquished Creatures
  Dissolution (D)
  A dread lich (D)
  Frederick (D)
  Margery (D)
  the Lernaean hydra (D)
  Saint Roka (D)
  A pandemonium lord (D)
  A bone dragon (D)
  A lich (D)
  8 acid blobs (D)
  Roxanne (D)
  3 azure jellies (D)
  5 rockslimes (D)
  A frost giant (D)
  2 draconian shifters (D)
  2 angels (D)
  Louise (D)
  A draconian stormcaller (D)
  A quicksilver ooze (D)
  A ghoul (D)
  2 green draconians (D)
  An apis (D)
  A red draconian (D)
  A white draconian (D)
  Azrael (D)
  A purple draconian (D)
  4 yellow draconians (D)
  A blizzard demon (D)
  2 merfolk javelineers (D)
  Josephine (D)
  3 merfolk impalers (D)
  2 starcursed masses (D)
  A great orb of eyes (D)
  Harold (D)
  4 ice dragons (D)
  An alligator snapping turtle (D)
  A rakshasa (D)
  Erolcha (D)
  Erica (D)
  A two-headed ogre (D)
  2 merfolk aquamancers (D)
  3 vampire magi (D)
  Nergalle (D)
  A wretched star (D)
  2 cherubim (D)
  4 skeletal warriors (D)
  A glowing orange brain (D)
  A sea snake (D)
  A flayed ghost (D)
  Pikel (D)
  4 necromancers (D)
  A manticore (D)
  A shining eye (D)
  2 cyclopes (D)
  2 toenail golems (D)
  A merfolk siren (D)
  Maurice (D)
  A demonic crawler (D)
  4 gargoyles (D)
  A water nymph (D)
  3 rime drakes (D)
  Psyche (D)
  6 freezing wraiths (D)
  4 ice devils (D)
  3 trolls (D)
  An ancient zyme (D)
  3 polar bears (D)
  4 merfolk (D)
  A wind drake (D)
  A hellwing (D)
  Prince Ribbit (D)
  Grinder (D)
  3 snapping turtles (D)
  6 raiju (D)
  A large abomination (D)
  12 slime creatures (D)
  3 shadows (D)
  A water elemental (D)
  A ynoxinul (D)
  A yak (D)
  3 vampires (D)
  Eustachio (D)
  2 wyverns (D)
  Grum (D)
  A chaos spawn (D)
  4 golden eyes (D)
  2 neqoxecs (D)
  Menkaure (D)
  3 acid dragons (D)
  3 floating eyes (D)
  Duvessa (D)
  Pargi (D)
  3 swamp drakes (D)
  3 ice beasts (D)
  4 small abominations (D)
  2 wolves (D)
  6 ogres (D)
  3 centaurs (D)
  A phantom (D)
  Blork the orc (D)
  3 earth elementals (D)
  2 necrophages (D)
  2 wights (D)
  A crimson imp (D)
  5 quasits (D)
  Crazy Yiuf (D)
  10 jellies (D)
  3 iron imps (D)
  Jessica (D)
  2 iguanas (D)
  2 shadow imps (D)
  5 white imps (D)
  2 ufetubi (D)
  3 adder zombies (D)
  2 adder skeletons (D)
  A bat skeleton (D)
  2 bat zombies (D)
  3 endoplasms (D)
  2 ball python simulacra (D)
  5 ball python skeletons (D)
  A ball python zombie (D)
  A giant cockroach zombie (D)
  A jackal zombie (D)
  A quokka skeleton (D)
  A quokka zombie (D)
266 creatures vanquished.

Vanquished Creatures (collateral kills)
  A tentacled starspawn (D)
  A stone giant (D)
  A vampire knight (D)
  An apis (D)
  A two-headed ogre (D)
  A skeletal warrior (D)
  A worldbinder (D)
  A troll (D)
  2 shadows (D)
  An ufetubus (D)
  A starspawn tentacle (D)
12 creatures vanquished.

Vanquished Creatures (others)
  A harpy (D)
  An adder skeleton (D)
  A starspawn tentacle (D)
3 creatures vanquished.

Grand Total: 281 creatures vanquished

Notes
Turn   | Place    | Note
-------+----------+-------------------------------------------
     0 | D        | mhtbhm the Troll Fighter began the quest for the Orb.
     0 | D        | Reached XP level 1. HP: 22/22 MP: 0/0
     0 | D        | Found a shimmering blue altar of Sif Muna.
     0 | D        | Found a bloodstained altar of Trog.
     0 | D        | Found a sacrificial altar of Ru.
     0 | D        | Found a stormy altar of Qazlal.
     0 | D        | Found an iron altar of Okawaru.
     1 | D        | Found a sparkling altar of Nemelex Xobeh.
     1 | D        | Found a blossoming altar of Fedhas.
     1 | D        | Found the +6 Majin-Bo {spellvamp, MP+6 Int+6}
     1 | D        | Found the +27 heavy crossbow "Sniper" {heavy, Acc+∞ SInv}
     1 | D        | Found the +10 dark maul {heavy}
     1 | D        | Found the +15 Maxwell's patent armour {-Cast -Tele rElec
                  | Will+ rCorr}
     1 | D        | Found the +18 shield of the Gong {Loud rElec rN+ Will+
                  | EV-5}
     1 | D        | Found the +16 obsidian axe {drain, demonic, Mesm Drain Fly
                  | SInv}
     1 | D        | Found the +7 great mace "Firestarter" {flame, inner flame,
                  | rFlCloud rF++}
     1 | D        | Found the +6 shillelagh "Devastator" {shatter}
     1 | D        | Found the +11 plutonium sword {Contam Stlth-}
     1 | D        | Found the +8 lance "Wyrmbane" {slay drac, rPois rF+ rC+
                  | AC+3}
     1 | D        | Found the +9 sword of Zonguldrok {reap}
     1 | D        | Found the +13 scythe of Curses {drain, curses, Drain}
     1 | D        | Found the +9 sword of Power {lifebolt}
     1 | D        | Found the +7 mace of Variability {chaos, chain chaos}
     1 | D        | Found the +11 Singing Sword {sonic wave}
     1 | D        | Found the +8 storm bow {elec, penet}
     3 | D        | Found a transporter.
     3 | D        | Found an ancient bone altar of Kikubaaqudgha.
     3 | D        | Found a viscous altar of Jiyva.
     3 | D        | Found a corrupted altar of Lugonu.
     3 | D        | Found a hazy altar of Hepliaklqana.
     3 | D        | Found a burning altar of Makhleb.
     3 | D        | Found an opulent altar of Gozag.
    58 | D        | Became a worshipper of Qazlal Stormbringer
   110 | D        | Entered arena 2.
   110 | D        | Noticed a floating eye
   110 | D        | Found a transporter.
   113 | D        | Paralysed by a floating eye for 4 turns
   117 | D        | Killed a floating eye
   118 | D        | Reached skill level 5 in Shields
   118 | D        | Reached XP level 2. HP: 32/33 MP: 1/1
   118 | D        | Reached XP level 3. HP: 39/40 MP: 2/2
   118 | D        | Reached XP level 4. HP: 48/49 MP: 3/3
   124 | D        | Entered arena 3.
   124 | D        | Noticed an ogre
   124 | D        | Noticed a two-headed ogre
   124 | D        | Noticed an ogre
   124 | D        | Found a transporter.
   137 | D        | Killed a two-headed ogre
   137 | D        | Reached * piety under Qazlal
   138 | D        | Reached skill level 8 in Shields
   138 | D        | Reached skill level 5 in Invocations
   138 | D        | Reached XP level 5. HP: 50/62 MP: 3/7
   138 | D        | Reached XP level 6. HP: 57/71 MP: 3/8
   138 | D        | Reached XP level 7. HP: 63/78 MP: 3/9
   290 | D        | Entered arena 4.
   290 | D        | Found a transporter.
   291 | D        | Reached ** piety under Qazlal
   297 | D        | Reached skill level 5 in Polearms
   308 | D        | Got the ring of Secrets {rElec rC+ MP+9 Str+6 SInv}
   372 | D        | Entered arena 5.
   372 | D        | Noticed a golden eye
   372 | D        | Found a transporter.
   374 | D        | Paralysed by a floating eye for 2 turns
   376 | D        | Killed a golden eye
   376 | D        | Reached *** piety under Qazlal
   377 | D        | Reached XP level 8. HP: 88/88 MP: 11/11
   378 | D        | Reached skill level 9 in Shields
   389 | D        | Entered arena 6.
   389 | D        | Found a transporter.
   396 | D        | Reached **** piety under Qazlal
   401 | D        | Reached skill level 1 in Armour
   401 | D        | Reached skill level 1 in Evocations
   403 | D        | Reached ***** piety under Qazlal
   413 | D        | Entered arena 7.
   413 | D        | Noticed a raiju
   414 | D        | Found a transporter.
   422 | D        | Killed a raiju
   423 | D        | Reached skill level 10 in Shields
   429 | D        | Reached XP level 9. HP: 94/97 MP: 13/13
   546 | D        | Entered arena 8.
   546 | D        | Found the ring of the Tortoise {AC+8}
   546 | D        | Noticed a merfolk
   546 | D        | Noticed a wind drake
   546 | D        | Noticed a merfolk
   547 | D        | Found a transporter.
   552 | D        | Killed a wind drake
   553 | D        | Reached skill level 11 in Shields
   555 | D        | Killed a merfolk
   555 | D        | Reached ****** piety under Qazlal
   563 | D        | Killed a merfolk
   574 | D        | Got the ring of Oblyicwa {rCorr Dex+4}
   580 | D        | Got the ring "Kaevvew" {rN+ AC+4}
   588 | D        | Entered arena 9.
   588 | D        | Noticed a hellwing
   588 | D        | Noticed Fashean the pandemonium lord
   592 | D        | Killed a hellwing
   593 | D        | Reached skill level 12 in Shields
   622 | D        | Found a transporter.
   656 | D        | HP: 3/145 [Fashean the pandemonium lord/arc of chain
                  | lightning (55)]
   659 | D        | Killed Fashean the pandemonium lord
   660 | D        | Reached skill level 10 in Invocations
   660 | D        | Reached XP level 10. HP: 5/106 MP: 16/16
   689 | D        | Got the ring "Tadug" {rElec Int+6 Dex+3}
   835 | D        | Entered arena 10.
   835 | D        | Found the +2 hood of the Assassin {Detect Stab+ Stlth++}
   836 | D        | Found a transporter.
   841 | D        | Reached skill level 13 in Shields
   903 | D        | Entered arena 11.
   903 | D        | Noticed a gargoyle
   903 | D        | Noticed a gargoyle
   903 | D        | Noticed a gargoyle
   903 | D        | Noticed a toenail golem
   903 | D        | Noticed a gargoyle
   903 | D        | Noticed a toenail golem
   904 | D        | Found a transporter.
   905 | D        | Killed a gargoyle
   905 | D        | Killed a gargoyle
   905 | D        | Killed a gargoyle
   905 | D        | Killed a toenail golem
   905 | D        | Killed a gargoyle
   906 | D        | Reached skill level 5 in Armour
   907 | D        | Killed a toenail golem
   908 | D        | Reached XP level 11. HP: 115/115 MP: 18/19
   936 | D        | Got Xofon's Octavo of the Torch and Toxins
   963 | D        | Entered arena 12.
   963 | D        | Noticed a starcursed mass
   964 | D        | Noticed a wretched star
   966 | D        | Found a transporter.
   968 | D        | Reached skill level 14 in Shields
   973 | D        | Killed a wretched star
   981 | D        | Killed a starcursed mass
  1036 | D        | Entered arena 13.
  1036 | D        | Noticed a stone giant
  1036 | D        | Noticed a two-headed ogre
  1037 | D        | Found the amulet of Vitality {RegenMP++ Regen++}
  1042 | D        | Killed a two-headed ogre
  1044 | D        | Reached skill level 15 in Shields
  1044 | D        | Killed a stone giant
  1046 | D        | Found a transporter.
  1052 | D        | Got the Codex of Momentum
  1054 | D        | Got the ring "Kicivugh" {+Blink rF- Will+ Dex+2 SInv}
  1103 | D        | Entered arena 14.
  1103 | D        | Noticed a purple draconian shifter
  1103 | D        | Noticed a purple draconian
  1104 | D        | Noticed a purple draconian shifter
  1104 | D        | Noticed a yellow draconian
  1104 | D        | Noticed a yellow draconian
  1104 | D        | Noticed a green draconian
  1104 | D        | Identified the +3 war axe "Hozegyry" {holy, MP+9 Dex+2}
  1104 | D        | Noticed a white draconian stormcaller
  1104 | D        | Noticed a yellow draconian
  1105 | D        | Identified the +7 glaive of Dominance {drain, rPois Dex+2}
  1105 | D        | Noticed a red draconian
  1105 | D        | Noticed a green draconian
  1105 | D        | Noticed a white draconian
  1105 | D        | Noticed a yellow draconian
  1107 | D        | Killed a yellow draconian
  1109 | D        | Killed a white draconian
  1109 | D        | Killed a white draconian stormcaller
  1109 | D        | Killed a green draconian
  1109 | D        | Killed a yellow draconian
  1109 | D        | Killed a green draconian
  1110 | D        | Reached skill level 10 in Polearms
  1110 | D        | Reached skill level 16 in Shields
  1110 | D        | Reached skill level 15 in Invocations
  1110 | D        | Reached XP level 12. HP: 51/126 MP: 16/22
  1111 | D        | Killed a purple draconian
  1112 | D        | Reached skill level 10 in Fighting
  1113 | D        | Found a transporter.
  1114 | D        | Killed a purple draconian shifter
  1115 | D        | Killed a yellow draconian
  1116 | D        | Killed a yellow draconian
  1122 | D        | Killed a purple draconian shifter
  1124 | D        | Killed a red draconian
  1125 | D        | Reached skill level 17 in Shields
  1192 | D        | Entered arena 15.
  1193 | D        | Noticed a rockslime
  1193 | D        | Noticed an acid blob
  1193 | D        | Noticed an acid blob
  1194 | D        | Paralysed by a floating eye for 3 turns
  1203 | D        | Killed an acid blob
  1207 | D        | Killed an acid blob
  1228 | D        | Killed a rockslime
  1229 | D        | Found a transporter.
  1236 | D        | Got the Secrets of Battling and the Charnel House
  1269 | D        | Acquired a manual of Staves
  1278 | D        | Entered arena 16.
  1278 | D        | Noticed an angel
  1278 | D        | Noticed an apis
  1278 | D        | Noticed an apis
  1280 | D        | Noticed an angel
  1281 | D        | Found a transporter.
  1291 | D        | Killed an apis
  1297 | D        | Killed an angel
  1298 | D        | Reached XP level 13. HP: 68/135 MP: 24/24
  1299 | D        | Killed an apis
  1307 | D        | Killed an angel
  1322 | D        | Reached skill level 18 in Shields
  1335 | D        | Got the ring "Bezeetwe" {rPois rN+}
  1438 | D        | Entered arena 17.
  1439 | D        | Noticed Psyche
  1440 | D        | Noticed Josephine
  1440 | D        | Noticed Crazy Yiuf
  1440 | D        | Noticed Eustachio
  1440 | D        | Noticed Blork the orc
  1441 | D        | Noticed Nergalle
  1441 | D        | Noticed Erica
  1441 | D        | Noticed Grinder
  1441 | D        | Noticed Erolcha
  1441 | D        | Noticed Roxanne
  1441 | D        | Noticed Saint Roka
  1441 | D        | Noticed Louise
  1441 | D        | Noticed Menkaure
  1444 | D        | Killed Blork the orc
  1444 | D        | Killed Grinder
  1444 | D        | Killed Menkaure
  1444 | D        | Killed Crazy Yiuf
  1444 | D        | Killed Psyche
  1444 | D        | Killed Eustachio
  1445 | D        | Reached skill level 5 in Evocations
  1446 | D        | Killed Erica
  1448 | D        | Killed Josephine
  1450 | D        | Killed Nergalle
  1452 | D        | Noticed Duvessa
  1457 | D        | Killed Duvessa
  1462 | D        | Killed Saint Roka
  1471 | D        | Killed Louise
  1478 | D        | Killed Erolcha
  1587 | D        | Found a transporter.
  1631 | D        | Killed Roxanne
  1632 | D        | Reached skill level 19 in Shields
  1636 | D        | Got the Octavo of the Shot and Curses
  1639 | D        | Got the amulet of Stoicism {rElec rN+ Regen+}
  1695 | D        | Entered arena 18.
  1697 | D        | Noticed a lich
  1697 | D        | Identified the +1 robe of the Equator {-Cast +Blink Slay+2}
  1709 | D        | Killed a lich
  1728 | D        | Found a transporter.
  1739 | D        | Got the Annotations on Trauma
  1774 | D        | Entered arena 19.
  1776 | D        | Noticed a merfolk impaler
  1776 | D        | Noticed a merfolk impaler
  1777 | D        | Noticed a merfolk javelineer
  1777 | D        | Identified the +3 battleaxe of Patol {holy, Fragile Dex+6
                  | Stlth+}
  1777 | D        | Noticed a merfolk impaler
  1779 | D        | Identified the +5 quarterstaff "Cuasotz" {freeze, rElec
                  | MP-9 Str+4 Int+4}
  1779 | D        | Noticed a merfolk javelineer
  1781 | D        | Killed a merfolk javelineer
  1784 | D        | Reached skill level 20 in Shields
  1784 | D        | Reached XP level 14. HP: 149/149 MP: 26/26
  1797 | D        | Found a transporter.
  1863 | D        | Entered arena 20.
  1868 | D        | Noticed a ghoul
  1868 | D        | Noticed a vampire knight
  1895 | D        | Killed a ghoul
  1896 | D        | Reached skill level 21 in Shields
  1904 | D        | Killed a vampire knight
  1911 | D        | Found a transporter.
  1945 | D        | Got Xan Qear's Opusculum on the Evolving Entourage
  1992 | D        | Entered arena 21.
  1996 | D        | Noticed a bone dragon
  1996 | D        | Found the +10 zealot's sword {holy, Zealotry, *Rage rN+
                  | EV+3}
  1997 | D        | Noticed a dread lich
  1998 | D        | Noticed a tentacled starspawn
  2000 | D        | Reached skill level 10 in Armour
  2000 | D        | Killed a dread lich
  2001 | D        | Reached skill level 22 in Shields
  2002 | D        | Killed a bone dragon
  2005 | D        | Killed a tentacled starspawn
  2006 | D        | Found a transporter.
  2041 | D        | Got the ring "Huin" {*Corrode rElec rC+++ MP+9 Stlth+}
  2043 | D        | Got the Spellbook of Filthy Skeletons
  2051 | D        | Got the ring "Cayd" {MP+9 Int+3}
  2081 | D        | Entered arena 22.
  2086 | D        | Noticed a frost giant
  2086 | D        | Found the +4 moon troll leather armour {Spirit, Regen++
                  | MP+5}
  2086 | D        | Found the +8 trishula "Condemnation" {holy, anguish, *Noise
                  | Fly rN+}
  2113 | D        | Found a transporter.
  2115 | D        | Killed a frost giant
  2116 | D        | Reached skill level 23 in Shields
  2116 | D        | Reached XP level 15. HP: 61/161 MP: 26/28
  2176 | D        | Got the amulet of the Everdark {Acrobat Int+3}
  2182 | D        | Got the Spellbook of the Tektite and the Sphinx
  2197 | D        | Entered arena 23.
  2202 | D        | Noticed an acid blob
  2202 | D        | Noticed a rockslime
  2202 | D        | Noticed an acid blob
  2202 | D        | Noticed a rockslime
  2203 | D        | Noticed an azure jelly
  2203 | D        | Noticed an acid blob
  2203 | D        | Noticed an acid blob
  2203 | D        | Noticed a rockslime
  2204 | D        | Noticed an azure jelly
  2204 | D        | Noticed an acid blob
  2204 | D        | Noticed a rockslime
  2205 | D        | Noticed an azure jelly
  2206 | D        | Killed a rockslime
  2206 | D        | Killed an azure jelly
  2206 | D        | Killed a rockslime
  2206 | D        | Killed an acid blob
  2206 | D        | Killed an acid blob
  2206 | D        | Killed a rockslime
  2206 | D        | Noticed an acid blob
  2210 | D        | Killed an acid blob
  2211 | D        | Reached skill level 24 in Shields
  2212 | D        | Killed an acid blob
  2215 | D        | Killed an acid blob
  2217 | D        | Killed an azure jelly
  2219 | D        | Killed a rockslime
  2220 | D        | Killed an acid blob
  2222 | D        | Killed an azure jelly
  2225 | D        | Found a transporter.
  2236 | D        | Got Peolaust's Handbook of the Shivering Zephyr
  2250 | D        | Got the amulet of the Open Hand {RegenMP Dex+2 Slay+3}
  2254 | D        | Got the amulet "Urhag" {Acrobat *Corrode rC+ rN+ Stlth+}
  2275 | D        | Entered arena 24.
  2280 | D        | Noticed Margery
  2280 | D        | Noticed Pargi
  2280 | D        | Found the +6 sword of Cerebov {flame}
  2280 | D        | Noticed Cerebov
  2281 | D        | Found the +7 sceptre of Asmodeus
  2281 | D        | Noticed Asmodeus
  2281 | D        | Noticed Dissolution
  2281 | D        | Noticed Ignacio
  2281 | D        | Noticed Murray
  2281 | D        | Noticed Jessica
  2281 | D        | Noticed the 27-headed Lernaean hydra
  2281 | D        | Noticed Maurice
  2281 | D        | Found the +8 orange crystal plate armour {Archmagi, Int+3
                  | Clar}
  2281 | D        | Noticed Prince Ribbit
  2281 | D        | Noticed Antaeus
  2281 | D        | Noticed Azrael
  2281 | D        | Noticed Nellie
  2282 | D        | Noticed Ereshkigal
  2282 | D        | Noticed Mnoleg
  2282 | D        | Noticed Frederick
  2282 | D        | Identified the +10 spear of the Evening {holy, rN+ Will++}
  2282 | D        | Noticed Kirke
  2283 | D        | Killed Jessica
  2283 | D        | Killed Prince Ribbit
  2283 | D        | Killed Dissolution
  2283 | D        | Killed Grum
  2283 | D        | Killed Pikel
  2283 | D        | Killed Harold
  2283 | D        | Killed Pargi
  2283 | D        | Killed Margery
  2283 | D        | Killed the 27-headed Lernaean hydra
  2284 | D        | Reached skill level 25 in Shields
  2284 | D        | Killed Azrael
  2284 | D        | Killed Frederick
  2284 | D        | Killed Maurice
  2285 | D        | Noticed a Tzitzimitl
  2285 | D        | Noticed a Brimstone Fiend
  2285 | D        | Noticed a Brimstone Fiend
  2289 | D        | HP: 8/163 [Ignacio/+8 executioner's axe of pain (9)]
  2289 | D        | HP: 1/163 [Ignacio/+8 executioner's axe of pain (7)]
  2289 | D        | Slain by Ignacio

Illustrated notes

Levels and vault maps discovered:
D:        sprint_v [room_start, room_1, room_2, room_3, room_4, room_5, room_6,
          room_7, room_8, room_9, room_10, room_11, room_12, room_13, room_14,
          room_15, room_16, room_17, room_18, room_19, room_20, room_21,
          room_22, room_23, room_24, room_25, room_26, room_27]

Skill      XL: |  1  2  3  4  5  6  7  8  9 10 11 12 13 14 15 |
---------------+----------------------------------------------+-----
Fighting       | 4 7 8 9 10 12 13 14 | 14.2
Polearms       | 2 4 5 6 7 8 10 11 12 13 14 | 14.2
Dodging        | 4 7 8 |  8.0
Shields        | 5 8 10 12 13 16 17 20 23 25 | 25.2
Invocations    | 5 6 7 10 12 15 17 19 21 23 | 23.3
Armour         | 1 4 5 6 7 9 11 12 | 12.9
Evocations     | 1 2 3 4 6 7 |  7.0

Action                     |  1- 3 |  4- 6 |  7- 9 | 10-12 | 13-15 || total
---------------------------+-------+-------+-------+-------+-------++-------
  Melee: Lance             |     3 |    12 |   105 |   117 |   231 ||   468
 Invoke: Disaster Area     |       |       |     3 |     3 |     9 ||    15
         Upheaval          |       |       |     3 |       |       ||     3
         Elemental Force   |       |       |       |     3 |     3 ||     6
  Evoke: Lightning rod     |     1 |       |     6 |       |     5 ||    12
         Wand              |       |       |     7 |       |       ||     7
         Condenser vane    |       |       |       |     6 |    10 ||    16
    Use: Potion            |       |     1 |    14 |     2 |     3 ||    20
         Scroll            |       |       |     1 |     2 |     3 ||     6
   Stab: Confused          |       |       |       |     4 |       ||     4
 Armour: Gold dragon scale |     2 |     2 |    61 |    20 |   149 ||   234
  Dodge: Dodged            |       |       |       |     1 |     4 ||     5
  Block: Kite shield       |     2 |    13 |   152 |   102 |   345 ||   614
         Reflection        |       |       |    11 |     4 |       ||    15

Table legend: (Time is in decaauts)
 A = Elapsed time spent in this place.
 B = Non-inter-level travel time spent in this place.
 C = Inter-level travel time spent in this place.
 D = Time resting spent in this place.
 E = Time spent auto-exploring this place.
 F = Levels seen in this place.
 G = Mean time per level.
                   A        B        C        D        E       F      G
               +--------+--------+--------+--------+--------+-----+--------+
         Total |   2155 |   2155 |      0 |    778 |      0 |   1 | 2155.0 |
       Dungeon |   2155 |   2155 |      0 |    778 |      0 |   1 | 2155.0 |
               +--------+--------+--------+--------+--------+-----+--------+

Top non-repeatable levels by time:
       D: 2155 daAuts
